 Dungeon Crawl Stone Soup version 0.24.1 (webtiles) character file.

Game seed: 564310989667956312, levelgen mode: deterministic

4542 1994 the Reanimator (level 10, -2/79 HPs)
             Began as a Mummy Necromancer on Apr 6, 2020.
             Slain by a hell hog (7 damage)
             ... on level 3 of the Abyss.
             The game lasted 00:30:48 (11313 turns).

1994 the Reanimator (Mummy Necromancer)            Turns: 11313, Time: 00:30:48

Health: -2/79      AC:  8    Str: 11    XL:     10   Next: 17%
Magic:  23/23      EV: 12    Int: 18    God:
Gold:   596        SH:  4    Dex: 13    Spells: 19/27 levels left

rFire    . . .     SeeInvis +   a - +2 dagger (venom)
rCold    + . .     Gourm    .   w - +0 buckler
rNeg     + + +     Faith    .   s - +2 leather armour {rF+}
rPois    ∞         Spirit   .   (no helmet)
rElec    .         Reflect  .   A - +0 cloak
rCorr    .         Harm     .   x - +0 pair of gloves
MR       +....                  p - +0 pair of boots
Stlth    ++........             (no amulet)
HPRegen  0.23/turn              i - ring of see invisible
MPRegen  0.18/turn              (no ring)

@: about to teleport
A: no food or potions, fire vulnerability, cold resistance 1, negative energy
resistance 3, torment resistance, unbreathing
a: no special abilities


You were on level 3 of the Abyss.
You were not hungry.

You visited 2 branches of the dungeon, and saw 10 of its levels.
You visited the Abyss 1 time.

You collected 596 gold pieces.

Inventory:

Hand Weapons
 a - a +2 dagger of venom (weapon)
 b - a +0 hunting sling
 v - a +0 fustibalus
Missiles
 c - 273 stones (quivered)
 o - 36 sling bullets
 y - 4 throwing nets
Armour
 p - a +0 pair of boots (worn)
 s - a +2 leather armour of fire resistance (worn)
 w - a +0 buckler (worn)
 x - a +0 pair of gloves (worn)
 A - a +0 cloak (worn)
Jewellery
 i - a ring of see invisible (left hand)
 j - an uncursed amulet of guardian spirit
Wands
 q - a wand of paralysis (19)
 r - a wand of flame (39)
 u - a wand of polymorph (5)
 z - a wand of acid (7)
Scrolls
 d - 7 scrolls of identify
 e - 5 scrolls of teleportation
 f - 2 scrolls of magic mapping
 g - a scroll of fog
 h - 4 scrolls of enchant weapon
 k - a scroll of blinking
 l - a scroll of remove curse
 m - a scroll of immolation
 n - 4 scrolls of amnesia
 t - a scroll of enchant armour {unknown}


   Skills:
 + Level 7.2 Fighting
 * Level 2.5 Dodging
 - Level 1.5 Stealth
 * Level 1.4 Shields
 + Level 9.2 Spellcasting
 + Level 10.9 Necromancy


You had 19 spell levels left.
You knew the following spells:

 Your Spells              Type           Power        Failure   Level  Hunger
a - Pain                  Necr           ####         1%          1    N/A
b - Vampiric Draining     Necr           #####.....   1%          3    N/A
c - Animate Dead          Necr           N/A          1%          4    N/A

Your spell library contained the following spells:

 Spells                   Type           Power        Failure   Level  Hunger
 Animate Skeleton         Necr           N/A          1%          1    N/A
 Magic Dart               Conj           #...         16%         1    N/A
 Searing Ray              Conj           #.....       24%         2    N/A
 Sticks to Snakes         Tmut           #.......     24%         2    N/A
 Dazzling Spray           Conj/Hex       #.....       43%         3    N/A
 Force Lance              Conj/Tloc      #.......     85%         4    N/A
 Fulminant Prism          Conj/Hex       #.........   85%         4    N/A
 Iskenderun's Mystic Bla  Conj           #.......     85%         4    N/A
 Regeneration             Chrm/Necr      Unusable     N/A         3    N/A
 Beastly Appendage        Tmut           Unusable     N/A         1    N/A
 Spider Form              Tmut/Pois      Unusable     N/A         3    N/A
 Ice Form                 Ice/Tmut       Unusable     N/A         4    N/A
 Blade Hands              Tmut           Unusable     N/A         5    N/A

Dungeon Overview and Level Annotations

Branches:
Dungeon (9/15)             Temple (1/1) D:5
   Lair: D:8-11         Orc: D:9-12

Altars:
Ashenzari
Cheibriados
Dithmenos
Elyvilon
Fedhas
Hepliaklqana
Makhleb
Okawaru
Qazlal
Ru
Sif Muna
Uskayaw
Vehumet
Xom
Yredelemnul
Zin
The Shining One

Annotations:
D:3 3 runed translucent doors, H0rd4k's ghost, amateur HuAr
D:6 3 runed translucent doors, Descartes's ghost, novice GnCK
Abyss:1 Harold


Innate Abilities, Weirdness & Mutations

You do not eat or drink.
Your flesh is vulnerable to fire.
You are immune to poison.
Your flesh is cold resistant. (rC+)
You are immune to negative energy. (rN+++)
You are immune to unholy pain and torment.
You can survive without breathing.


Message History

You feel strangely unstable.
You feel the power of the Abyss delaying your translocation!
The hell hog misses you. The hell hog completely misses you.
The hell hog breathes fire at you.
The fireball explodes!
The fireball engulfs you!!
The hell hog squeals angrily.
Found a scroll labeled QOALICL SUMUW.
The hell hog bites you!
Unknown command.
The hell hog breathes fire at you.
The fireball explodes!
The fireball engulfs the hell hog.
The hell hog resists.
The fireball engulfs you!!
* * * LOW HITPOINT WARNING * * *
The hell hog breathes fire at you.
The fireball explodes!
The fireball engulfs you!
* * * LOW HITPOINT WARNING * * *
The fireball engulfs the hell hog.
The hell hog resists.
The hell hog bites you!
You die...

. # .#. #. #... ..
#..# .# . ?.#... ###
..# #.... #@# ####
... .#..#h# #..##...
#...#..# #.......#
#..##..#######......#
#.............#
#.#...#..#######.#
#####.#... ..# #
..##h.# .. ..
....##..##. .##....


You could see a hell hog.

Vanquished Creatures
  Pikel (D:4)
  A deep elf mage (D:6)
  Psyche (D:8)
  A centaur skeleton (D:8)
  A hippogriff (D:7)
  Sigmund (D:4)
  Eustachio (D:4)
  2 sky beasts
  2 ice beasts
  3 slaves (D:4)
  2 ogres (D:8)
  A black bear (D:7)
  4 centaurs
  A big kobold (D:7)
  3 bullfrogs
  A wyvern skeleton (D:9)
  A scorpion (D:4)
  3 crimson imps
  A howler monkey (D:6)
  3 orc priests
  2 bullfrog zombies
  A jelly (D:7)
  2 bullfrog skeletons
  3 hounds
  4 orc wizards
  Jessica (D:3)
  Natasha (thrice) (D:3)
  6 worker ants
  A hound zombie (D:5)
  A worker ant zombie (D:7)
  4 gnolls (D:4)
  7 adders
  An adder zombie (D:8)
  A worm (D:2)
  3 dart slugs
  5 leopard geckos
  18 orcs
  A ball python (D:7)
  3 giant cockroaches
  9 goblins
  16 hobgoblins
  9 jackals
  11 kobolds
  A quokka (D:6)
  6 bats
  4 frilled lizards
  A leopard gecko skeleton (D:8)
  6 rats
164 creatures vanquished.

Vanquished Creatures (collateral kills)
  Menkaure (D:4)
  A slave (D:4)
2 creatures vanquished.

Vanquished Creatures (others)
  An orc (D:4)
1 creature vanquished.

Grand Total: 167 creatures vanquished

Notes
Turn   | Place    | Note
-------+----------+-------------------------------------------
     0 | D:1      | 1994 the Mummy Necromancer began the quest for the Orb.
     0 | D:1      | Reached XP level 1. HP: 13/13 MP: 4/4
   376 | D:1      | Reached XP level 2. HP: 20/20 MP: 1/5
   924 | D:2      | Reached XP level 3. HP: 18/25 MP: 3/7
  1018 | D:2      | Learned a level 3 spell: Vampiric Draining
  1067 | D:2      | Reached skill level 1 in Fighting
  1289 | D:2      | Reached XP level 4. HP: 32/32 MP: 3/9
  1306 | D:2      | Learned a level 4 spell: Animate Dead
  1678 | D:2      | Found a stormy altar of Qazlal.
  2197 | D:3      | Reached skill level 5 in Necromancy
  2226 | D:3      | Found a runed translucent gate.
  2226 | D:3      | Found a runed translucent gate.
  2226 | D:3      | Found a runed translucent gate.
  2227 | D:3      | Noticed H0rd4k's ghost (amateur HuAr)
  2231 | D:3      | Noticed a sky beast
  2668 | D:3      | Noticed Jessica
  2674 | D:3      | Killed Jessica
  2805 | D:3      | Reached XP level 5. HP: 38/38 MP: 10/10
  3429 | D:3      | Noticed Natasha
  3439 | D:3      | Killed Natasha
  3570 | D:3      | Noticed Natasha
  3576 | D:3      | Killed Natasha
  3819 | D:3      | Found a runed translucent gate.
  3820 | D:3      | Found a runed translucent gate.
  3820 | D:3      | Found a runed translucent gate.
  3846 | D:3      | Noticed Natasha
  3854 | D:3      | Killed Natasha
  3854 | D:3      | Reached XP level 6. HP: 42/46 MP: 8/12
  4076 | D:4      | Noticed Eustachio
  4143 | D:4      | Killed Eustachio
  4143 | D:4      | Reached skill level 5 in Spellcasting
  4143 | D:4      | Reached skill level 6 in Necromancy
  4324 | D:4      | Found a hide-covered altar of Uskayaw.
  4325 | D:4      | Noticed Menkaure
  4472 | D:4      | Reached XP level 7. HP: 49/52 MP: 14/14
  4505 | D:4      | Noticed Pikel
  4527 | D:4      | Killed Pikel
  4527 | D:4      | Reached skill level 7 in Necromancy
  4641 | D:4      | Reached XP level 8. HP: 40/61 MP: 7/17
  5043 | D:4      | Killed Menkaure
  5207 | D:4      | Noticed Sigmund
  5357 | D:4      | Reached skill level 8 in Necromancy
  5427 | D:4      | Killed Sigmund
  5819 | D:5      | Entered Level 5 of the Dungeon
  5836 | D:5      | Reached skill level 5 in Fighting
  5875 | D:5      | Found a basalt altar of Yredelemnul.
  5889 | D:5      | Found a staircase to the Ecumenical Temple.
  5943 | Temple   | Entered the Ecumenical Temple
  6725 | D:5      | Found a glowing golden altar of the Shining One.
  7715 | D:5      | Reached skill level 9 in Necromancy
  7874 | D:6      | Reached XP level 9. HP: 49/69 MP: 16/20
  7922 | D:6      | Found a runed translucent gate.
  7924 | D:6      | Found a runed translucent gate.
  7925 | D:6      | Found a runed translucent gate.
  8116 | D:6      | Noticed Descartes's ghost (novice GnCK)
  8369 | D:6      | Noticed a deep elf mage
  8389 | D:6      | Killed a deep elf mage
  8806 | D:7      | Reached skill level 10 in Necromancy
 10424 | D:8      | Reached XP level 10. HP: 79/79 MP: 17/23
 10593 | D:8      | Noticed Psyche
 10599 | D:8      | Killed Psyche
 10599 | D:8      | Reached skill level 1 in Shields
 10716 | D:8      | Noticed Harold
 10854 | D:8      | Banished Harold
 10987 | D:9      | Found a radiant altar of Vehumet.
 10987 | D:9      | Found a white marble altar of Elyvilon.
 11289 | D:9      | Found a shadowy altar of Dithmenos.
 11295 | D:9      | Cast into level 3 of the Abyss (a distortion unwield)
 11298 | Abyss:3  | Noticed a hell hog
 11298 | Abyss:3  | Noticed a hell hog
 11298 | Abyss:3  | Noticed a hell hog
 11313 | Abyss:3  | Slain by a hell hog

Levels and vault maps discovered:
D:1:      psy_arrival_basics, layout_basic, minmay_tromino_v4_a
D:2:      layout_basic, lemuel_crystal_altar
D:3:      minmay_inner_zag, layout_basic, gammafunk_ghost_split, uniq_natasha,
          uniq_jessica
D:4:      layout_basic, eat_drink_and_be_merry_uskayaw, uniq_pikel,
          uniq_menkaure, uniq_sigmund, uniq_eustachio
D:5:      layout_rooms, lemuel_round_altar, kennysheep_mini_moat,
          minmay_temple_entry_sparse_star, first_ration, hangedman_glass_teeth,
          minivault_4
D:6:      layout_rooms, ebering_ghost_rock_garden, hex_medium, st_stairs_14,
          guppyfry_early_elven_hall
D:7:      layout_loops_ring
D:8:      layout_loops_ring, grunt_ogre_cave, uniq_psyche, uniq_joseph,
          uniq_harold
D:9:      layout_roguey, minmay_overflow_temple_star_hex,
          nicolae_dithmenos_shadow_blocks, amethyst_overflow_temple_binary,
          gammafunk_ghost_grave, worms_lemuel
Temple:   dpeg_chambers_temple
Abyss:3:  base: D:10, evilmike_abyss_exit_mutagenic

Skill      XL: |  1  2  3  4  5  6  7  8  9 10 |
---------------+-------------------------------+-----
Spellcasting   | 3 4 5 6 7 9 |  9.2
Fighting       | 1 2 3 4 5 7 |  7.2
Necromancy     | 5 6 7 9 10 | 10.9
Dodging        | 2 |  2.5
Shields        | 1 |  1.4
Stealth        | |  1.5

Action                   |  1- 3 |  4- 6 |  7- 9 | 10-12 || total
-------------------------+-------+-------+-------+-------++-------
Melee: Unarmed           |     7 |       |       |       ||     7
       Dagger            |    13 |    41 |   292 |    28 ||   374
 Fire: Hunting sling     |    11 |    66 |   207 |       ||   284
       Fustibalus        |       |       |       |     5 ||     5
 Cast: Pain              |    46 |    58 |    94 |     1 ||   199
       Vampiric Draining |       |     9 |    23 |     3 ||    35
       Animate Dead      |       |     2 |     4 |     1 ||     7
Evoke: Wand              |       |       |       |     1 ||     1
  Use: Scroll            |       |     4 |     4 |     2 ||    10
 Stab: Sleeping          |       |     2 |     2 |     3 ||     7
       Distracted        |       |       |     1 |       ||     1
       Paralysed         |       |       |       |     5 ||     5
Armor: Robe              |     7 |    12 |       |       ||    19
       Leather armour    |       |     1 |   165 |    14 ||   180
Dodge: Dodged            |    16 |    58 |   268 |     9 ||   351
Block: Buckler           |       |       |     1 |     5 ||     6
